 Dungeon Crawl Stone Soup version 0.23-a0-315-ga85b81c (webtiles) character file.

27 namelastname112 the Conjurer (level 2, 0/23 HPs)
             Began as a Draconian Wanderer on Oct 13, 2018.
             Succumbed to an adder's poison
             ... on level 1 of the Dungeon.
             The game lasted 00:02:34 (987 turns).

namelastname112 the Conjurer (Draconian Wanderer)    Turns: 987, Time: 00:02:35

Health: 0/23       AC:  4    Str: 10 (13) XL:     2   Next: 93%
Magic:  3/3        EV: 11    Int: 17 (18) God:
Gold:   113        SH:  0    Dex:  8 (10) Spells: 0/3 levels left

rFire    . . .     SeeInvis .   e - +0 spear
rCold    . . .     Gourm    .   (no shield)
rNeg     . . .     Faith    .   (armour unavailable)
rPois    .         Spirit   .   (helmet restricted)
rElec    .         Reflect  .   (no cloak)
rCorr    .         Harm     .   (no gloves)
MR       .....                  (no boots)
Stlth    +.........             (no amulet)
HPRegen  0.07/turn              (no ring)
MPRegen  0.08/turn              (no ring)

@: brilliant, lethally poisoned (0 -> -7), flying
A: unfitting armour, cold-blooded, AC +4
a: no special abilities


You were on level 1 of the Dungeon.
You were hungry.

You visited 1 branch of the dungeon, and saw 2 of its levels.

You collected 113 gold pieces.

Inventory:

Hand Weapons
 e - a +0 spear (weapon)
Scrolls
 a - a scroll of magic mapping {unknown}
 b - 2 scrolls of identify {unknown}
 c - a scroll of teleportation
 d - a scroll of amnesia {unknown}
 k - a scroll of random uselessness {unknown}
 l - a scroll of immolation {unknown}
Comestibles
 f - 3 rations
 j - 5 chunks of flesh


   Skills:
 + Level 1.3 Fighting
 - Level 1.7 Throwing
 + Level 1.0 Dodging
 * Level 1.2 Spellcasting
 * Level 5.0 Conjurations
   Level 2.6 Hexes


You couldn't memorise any spells.
You knew the following spells:

 Your Spells              Type           Power        Failure   Level  Hunger
x - Searing Ray           Conj           ####..       1%          2    ###....
z - Magic Dart            Conj           ####         1%          1    ##.....

Your spell library contained the following spells:

 Spells                   Type           Power        Failure   Level  Hunger
 Shock                    Conj/Air       ###.         1%          1    ##.....
 Dazzling Spray           Conj/Hex       ###...       1%          3    ####...
 Iskenderun's Mystic Bla  Conj           ####....     3%          4    #####..
 Fulminant Prism          Conj/Hex       ###.......   4%          4    #####..
 Force Lance              Conj/Tloc      ###.....     9%          4    #####..


Dungeon Overview and Level Annotations

Branches:
Dungeon (2/15)

Altars:


Innate Abilities, Weirdness & Mutations

Your plain brown scales are hard. (AC +4)
You cannot fit into any form of body armour.
You are cold-blooded and may be slowed by cold attacks.


Message History

It was a potion of flight.
You feel very buoyant.
You fly up into the air.
The jackal bites you but does no damage.
The adder closely misses you.
It was a potion of brilliance.
You feel clever all of a sudden.
* * * LOW HITPOINT WARNING * * *
You feel sick. The jackal barely misses you. The adder barely misses you.
The jackal bites you but does no damage.
You take 1 damage, and have 2/23 hp.
It was a potion of degeneration.
There was something very wrong with that liquid.
You feel weakened.
You feel dopey.
You feel clumsy. The adder bites you.
* * * LOW HITPOINT WARNING * * *
You are more poisoned.
The adder poisons you! The jackal misses you.
You take 1 damage, and have 1/23 hp.
You die...

####### ############
#...รท.#
...........####h###.#
##########..)..>..#.#
..............S.@.#.#
..#####.#######.....#
#.# ##.#.## ###.###
#.###.###.## #.#
.....## ##.# #.#
#.###.###.## #.###
#.# ##.#.##
#####...### #.##
##.## #.........#
...## #.#
#.###.#.#.#######


You could see an adder and a jackal.

Vanquished Creatures
  An ooze (D:1)
  A dart slug (D:1)
  A giant cockroach (D:1)
  A hobgoblin (D:1)
  6 jackals
  5 kobolds (D:1)
  A bat (D:1)
  4 rats (D:1)
20 creatures vanquished.

Notes
Turn   | Place    | Note
-------+----------+-------------------------------------------
     0 | D:1      | namelastname112 the Draconian Wanderer began the quest for
                  | the Orb.
     0 | D:1      | namelastname112 set off with: a scroll of teleportation, a
                  | +0 club, a ration
     0 | D:1      | Reached XP level 1. HP: 14/14 MP: 1/1
   140 | D:1      | Reached skill level 1 in Fighting
   140 | D:1      | Reached XP level 2. HP: 15/23 MP: 2/2
   274 | D:1      | Learned a level 2 spell: Searing Ray
   428 | D:1      | Reached skill level 1 in Spellcasting
   775 | D:1      | Reached skill level 1 in Dodging
   898 | D:1      | Learned a level 1 spell: Magic Dart
   986 | D:1      | HP: 1/23 [adder (1)]
   987 | D:1      | Succumbed to an adder's poison

Vault maps used:
D:1:      minmay_arrival_plants_in_alcoves, serial_glass, glass_columns_a,
          glass_columns_c
D:2:      wad_lake_hut, lemuel_doored_altar, minmay_pentomino_r4

Skill      XL: |  1  2 |
---------------+-------+-----
Fighting       | 1 |  1.3
Spellcasting   | 1 |  1.2
Dodging        | 1 |  1.0
Throwing       | |  1.7
Conjurations   | |  5.0
Hexes          | |  2.6

Action                   || total
-------------------------++-------
Melee: Spear             ||    90
       Dagger            ||    13
       Club              ||     4
       Tailslap          ||     5
 Cast: Magic Dart        ||     2
  Use: Potion            ||     3
 Stab: Sleeping          ||     1
Armor: Skin              ||    66
Dodge: Dodged            ||    99

Table legend:
 A = Non-vault XP
 B = Vault XP
 C = Vault XP percentage of total XP
 D = Non-vault monster count
 E = Vault monster count
 F = Vault count percentage of total count
                 A         B        C        D         E       F
            +---------+---------+-------+---------+---------+-------
      Total |      39 |       0 |   0.0 |      20 |       0 |   0.0
            +---------+---------+-------+---------+---------+-------
        D:1 |      33 |       0 |   0.0 |      17 |       0 |   0.0
        D:2 |       6 |       0 |   0.0 |       3 |       0 |   0.0
            +---------+---------+-------+---------+---------+-------
